 Dungeon Crawl Stone Soup version 0.31-a0-1005-gfbdfbac (webtiles) character file.

Game seed: 17675176149184391495

18 Partyfoot the Trooper (level 2, 31/31 HPs)
             Began as an Ogre Hunter on Nov 11, 2023.
             Quit the game on level 1 of the Dungeon.
             The game lasted 00:02:13 (356 turns).

Partyfoot the Trooper (Ogre Hunter)                  Turns: 356, Time: 00:02:14

Health: 31/31      AC:  3    Str: 14    XL:     2   Next: 70%
Magic:  2/2        EV: 10    Int: 10    God:
Gold:   7          SH:  0    Dex: 12    Spells: 1/1 levels left

rFire   . . .        a - +0 shortbow
rCold   . . .        (shield currently unavailable)
rNeg    . . .        c - +0 robe
rPois   .            (helmet restricted)
rElec   .            (no cloak)
rCorr   .            (gloves unavailable)
SInv    .            (boots unavailable)
Will    .....        (no amulet)
Stlth   ++           (no ring)
HPRegen 0.25/turn    (no ring)
MPRegen 0.08/turn

%: no passive effects
@: no status effects
A: large, unfitting armour, tough skin 1
a: no special abilities


You were on level 1 of the Dungeon.
You visited 1 branch of the dungeon, and saw 1 of its levels.

You collected 7 gold pieces.

Inventory:

Hand Weapons
 a - a +0 shortbow (weapon)
Missiles
 f - 4 poisoned darts
Armour
 c - a +0 robe (worn)
Jewellery
 d - an amulet of magic regeneration
Scrolls
 b - a scroll of butterflies
 e - a scroll of enchant weapon {unknown}
 g - 3 scrolls of blinking {unknown}
Potions
 h - a potion of mutation {unknown}


   Skills:
 + Level 3.2 Fighting
 - Level 2.9 Ranged Weapons
 + Level 0.8 Throwing
 + Level 2.1 Dodging
 + Level 1.1 Stealth


You had one spell level left.
You didn't know any spells.
Your spell library was empty.

Dungeon Overview and Level Annotations

Branches:
Dungeon (1/15)

Altars:

Shops:
D:1 :


Innate Abilities, Weirdness & Mutations

You are too large for most types of armour.
You have tough skin. (AC +1)


Message History

You shoot an arrow. The arrow completely misses the bat.
The bat barely misses you.
You shoot an arrow. The arrow closely misses the bat.
The bat closely misses you. The bat barely misses you.
The bat closely misses you. x2
You shoot an arrow. The arrow barely misses the bat.
The bat hits you but does no damage.
You shoot an arrow. The arrow misses the bat.
The bat closely misses you.
You shoot an arrow. The arrow closely misses the bat.
The bat hits you.
You shoot an arrow. The arrow barely misses the bat.
The bat completely misses you.
You shoot an arrow. The arrow barely misses the bat.
The bat closely misses you.
You shoot an arrow. The arrow hits the bat.
The bat is severely wounded.
The bat closely misses you.
You shoot an arrow. The arrow misses the bat.
The bat hits you but does no damage.
You shoot an arrow. The arrow barely misses the bat.
The bat closely misses you.
You shoot an arrow. The arrow hits the bat.
You kill the bat!
No target in view!
Found a stone staircase leading down.
A kobold comes into view.
It is wielding a +1 dagger of protection.
You shoot an arrow.
The arrow hits the kobold but does no damage.
No target in view!
No target in view!
A kobold is nearby!
You shoot an arrow. The arrow hits the kobold.
The kobold is moderately wounded.
You shoot an arrow. The arrow barely misses the kobold.
You shoot an arrow. The arrow closely misses the kobold.
The kobold closely misses you.
You shoot an arrow. The arrow hits the kobold.
You kill the kobold!
No target in view!
You see here a +1 dagger of protection.
Are you sure you want to abandon this character and quit the game? (Confirm with "yes".)

# #.# #..#. #.# #....
#.# #.#.# #.# #.#.# #.#
#.#.# ###.# #.#.#
....#########.#.#
##..............###.##.#
##.##########>..@.......
.#.# #######..### ...##
..P #♣..######### ♣
.............
#♣.##.####### #.#..#
#.#..# ##.#..#


There were no monsters in sight!

Vanquished Creatures
  A dart slug (D:1)
  An endoplasm (D:1)
  A giant cockroach (D:1)
  A hobgoblin (D:1)
  2 jackals (D:1)
  2 quokkas (D:1)
  2 bats (D:1)
  A frilled lizard (D:1)
  5 kobolds (D:1)
16 creatures vanquished.

Notes
Turn   | Place    | Note
-------+----------+-------------------------------------------
     0 | D:1      | Partyfoot the Ogre Hunter began the quest for the Orb.
     0 | D:1      | Reached XP level 1. HP: 22/22 MP: 1/1
    33 | D:1      | Found Ajuawor's Book Boutique.
   157 | D:1      | Reached skill level 3 in Fighting
   157 | D:1      | Reached XP level 2. HP: 31/31 MP: 2/2
   168 | D:1      | Reached skill level 1 in Stealth
   356 | D:1      | Quit the game

Illustrated notes

Levels and vault maps discovered:
D:1:      dpeg_arrival_rhombus, layout_loops_ring, serial_forest,
          infiniplex_forest_clump_medium, infiniplex_forest_lined_corner,
          infiniplex_forest_corner_2, infiniplex_forest_clump_curved,
          infiniplex_forest_diagonal, infiniplex_forest_zigzag_1,
          infiniplex_forest_straight_4, infiniplex_forest_clump_cross,
          infiniplex_forest_lined_room_2, serial_shops,
          nicolae_shop_behind_doors, hangedman_abyss_or_decor_stabs

Skill      XL: |  1  2 |
---------------+-------+-----
Fighting       | 3 |  3.2
Dodging        | 2 |  2.1
Stealth        | 1 |  1.1
Ranged Weapons | |  2.9
Throwing       | |  0.8

Action                     || total
---------------------------++-------
   Fire: Shortbow          ||    72
 Armour: Robe              ||    17
  Dodge: Dodged            ||    26

Table legend: (Time is in decaauts)
 A = Elapsed time spent in this place.
 B = Non-inter-level travel time spent in this place.
 C = Inter-level travel time spent in this place.
 D = Time resting spent in this place.
 E = Time spent auto-exploring this place.
 F = Levels seen in this place.
 G = Mean time per level.
                   A        B        C        D        E       F      G
               +--------+--------+--------+--------+--------+-----+--------+
         Total |    374 |    361 |     13 |      0 |    246 |   1 |  374.0 |
       Dungeon |    374 |    361 |     13 |      0 |    246 |   1 |  374.0 |
               +--------+--------+--------+--------+--------+-----+--------+

Top non-repeatable levels by time:
     D:1: 374 daAuts
